 Dungeon Crawl Stone Soup version 0.28-a0-178-ga708605c5b (webtiles) character file.

Game seed: 6669343378930720991

36256 freelancePsychic the Geomancer (level 13, -1/103 HPs)
             Began as a Demonspawn Earth Elementalist on Aug 18, 2021.
             Was an Elder of Vehumet.
             Slain by a reaper (31 damage)
             ... in an ice cave.
             The game lasted 00:46:55 (29707 turns).

freelancePsychic the Geomancer (DsEE)              Turns: 29707, Time: 00:46:55

Health: -1/103     AC: 11    Str:  9    XL:     13   Next: 52%
Magic:  1/23       EV: 18    Int: 20    God:    Vehumet [****..]
Gold:   1059       SH:  0    Dex: 21    Spells: 13/25 levels left

rFire   + . .      SeeInvis .   v - +2 dagger (venom)
rCold   + . .      Faith    .   (no shield)
rNeg    . . .      Spirit   .   b - +0 robe
rPois   .          Reflect  .   O - +1 hat
rElec   .          Harm     .   w - scarf {rC+ rF+}
rCorr   .          Rampage  .   G - +1 pair of gloves
Will    .....                   k - +1 pair of boots
Stlth   ++++......              (no amulet)
HPRegen 0.27/turn               j - +6 ring of dexterity
MPRegen 0.18/turn               F - +4 ring of protection

@: no status effects
A: antennae 2, repulsion field 1, foul stench 2, spiny 1
a: Renounce Religion


You were in an ice cave.
You worshipped Vehumet.
Vehumet was greatly pleased with you.
You visited 3 branches of the dungeon, and saw 18 of its levels.
You also visited: Ice Cave.

You collected 1059 gold pieces.

Inventory:

Hand Weapons
 v - a +2 dagger of venom (weapon)
 P - a +0 eveningstar
Missiles
 m - 333 stones
 L - a throwing net
Armour
 b - a +0 robe (worn)
 k - a +1 pair of boots (worn)
 w - a scarf of resistance (worn)
 G - a +1 pair of gloves (worn)
 O - a +1 hat (worn)
Magical Staves
 f - a staff of poison
Jewellery
 c - a +6 ring of strength
 j - a +6 ring of dexterity (left hand)
 n - a ring of protection from fire
 q - a ring of resist corrosion
 x - a ring of flight
 y - a ring of positive energy
 F - a +4 ring of protection (right hand)
 Q - a +4 ring of protection
Wands
 a - a wand of charming (13)
 D - a wand of digging (10)
 I - a wand of flame (39)
 J - a wand of iceblast (6)
 K - a wand of polymorph (18)
 M - a wand of acid (5)
Scrolls
 d - 2 scrolls of magic mapping
 e - 2 scrolls of amnesia
 g - 2 scrolls of enchant armour
 l - 3 scrolls of enchant weapon
 r - 3 scrolls of vulnerability
 t - 2 scrolls of teleportation {@r4}
 A - a scroll of summoning
 H - a scroll of blinking
 S - a scroll of fog
 T - a scroll of immolation {unknown}
Potions
 h - 3 potions of might
 i - 5 potions of curing {@q1}
 o - a potion of invisibility
 p - a potion of heal wounds {@q2}
 s - 3 potions of flight
 u - 6 potions of haste {unknown}
 z - 2 potions of ambrosia {unknown}
 B - a potion of magic
 C - a potion of brilliance {unknown}
 E - 2 potions of berserk rage {unknown}
 N - a potion of resistance {unknown}
 R - a potion of attraction {unknown}


   Skills:
 - Level 9.9 Fighting
 - Level 5.7 Short Blades
 + Level 6.1 Dodging
 - Level 6.9 Stealth
 + Level 6.7 Spellcasting
 - Level 7.3 Conjurations
 - Level 9.4 Transmutations
 - Level 10.2 Earth Magic
 - Level 4.0 Poison Magic


You had 13 spell levels left.
You knew the following spells:

 Your Spells              Type           Power      Damage    Failure   Level
a - Sandblast             Erth           94%        2d19      1%          1
b - Stone Arrow           Conj/Erth      84%        3d12      1%          3
c - Petrify               Tmut/Erth      46%        N/A       1%          4
d - Olgreb's Toxic Radia  Pois           22%        N/A       5%          4

Your spell library contained the following spells:

 Spells                   Type           Power      Damage    Failure   Level
 Iskenderun's Battlesphe  Conj           36%        2d9       3%          5
 Magic Dart               Conj           100%       1d8       1%          1
 Passwall                 Tmut/Erth      38%        N/A       1%          2
 Searing Ray              Conj           72%        3d6       1%          2
 Wereblood                Tmut           44%        N/A       1%          2
 Fulminant Prism          Conj/Hex       10%        3d9       6%          4
 Corona                   Hex            6%         N/A       10%         1
 Animate Armour           Summ/Erth      54%        N/A       12%         4
 Ensorcelled Hibernation  Hex/Ice        12%        N/A       14%         2
 Sublimation of Blood     Necr           3%         N/A       14%         2
 Eringya's Noxious Bog    Tmut/Pois      16%        N/A       24%         6
 Swiftness                Air            6%         N/A       28%         3
 Tukima's Dance           Hex            6%         N/A       28%         3
 Summon Forest            Summ/Tloc      3%         N/A       95%         5
 Lehudib's Crystal Spear  Conj/Erth      21%        10d6      98%         8
 Invisibility             Hex            3%         N/A       100%        6
 Summon Hydra             Summ           3%         N/A       100%        7


Dungeon Overview and Level Annotations

Branches:
Dungeon (11/15)            Temple (1/1) D:4            Lair (6/6) D:8
 Shoals (0/4) Lair:2        Snake (0/4) Lair:3        Slime (0/5) Lair:6
  IceCv (1/1)
    Orc: D:9-12

Altars:
Dithmenos
Elyvilon
Fedhas
Gozag
Hepliaklqana
Kikubaaqudgha
Makhleb
Okawaru
Qazlal
Ru
Sif Muna
Trog
Uskayaw
Vehumet
Wu Jian
Xom
Yredelemnul
Zin
The Shining One

Shops:
D:1 [   D:7 =?(

Annotations:
D:4 3 runed translucent doors, Maimakterion's ghost, novice FoFi; noodleboyJ's ghost, amateur KoNe; timneilson's ghost, amateur GrFi
D:9 exclusions: two-headed ogre and upstairs
Lair:1 3 runed translucent doors, Quschuilu's ghost, journeyman MiWz
Lair:2 exclusions: 2 death yaks and hydra


Innate Abilities, Weirdness & Mutations

You have a pair of antennae on your head.
You are surrounded by a mild repulsion field. (EV +2)
You sometimes emit foul miasma when damaged in melee.
You are partially covered in sharp spines.


Message History

The reaper freezes you.
Casting: Stone Arrow (safe; 1% risk of failure)
Confirm with . or Enter, or press ? or * to list all spells.
Aiming: Stone Arrow (safe; 1% risk of failure)
Press: ? - help, Shift-Dir - straight line, f/p - reaper
Aim: a reaper, wielding a +1 scythe of freezing (moderately wounded, 76% to hit)
The stone arrow misses the reaper.
The reaper closely misses you.
Casting: Stone Arrow (safe; 1% risk of failure)
Confirm with . or Enter, or press ? or * to list all spells.
Aiming: Stone Arrow (safe; 1% risk of failure)
Press: ? - help, Shift-Dir - straight line, f/p - reaper
Aim: a reaper, wielding a +1 scythe of freezing (moderately wounded, 76% to hit)
The stone arrow misses the reaper.
The reaper beckons to you. The reaper hits you but does no damage.
Casting: Stone Arrow (safe; 1% risk of failure)
Confirm with . or Enter, or press ? or * to list all spells.
Aiming: Stone Arrow (safe; 1% risk of failure)
Press: ? - help, Shift-Dir - straight line, f/p - reaper
Aim: a reaper, wielding a +1 scythe of freezing (moderately wounded, 76% to hit)
The stone arrow hits the reaper.
The reaper is moderately wounded.
The reaper hits you but does no damage.
Casting: Stone Arrow (safe; 1% risk of failure)
Confirm with . or Enter, or press ? or * to list all spells.
Aiming: Stone Arrow (safe; 1% risk of failure)
Press: ? - help, Shift-Dir - straight line, f/p - reaper
Aim: a reaper, wielding a +1 scythe of freezing (moderately wounded, 76% to hit)
The stone arrow hits the reaper!
The reaper is heavily wounded.
The reaper hits you from afar with a +1 scythe of freezing!!
* * * LOW HITPOINT WARNING * * *
The reaper freezes you.
* * * LOW HITPOINT WARNING * * *
You feel much better.
The reaper hits you from afar with a +1 scythe of freezing!!
The reaper freezes you.
* * * LOW HITPOINT WARNING * * *
The reaper hits you from afar with a +1 scythe of freezing!!
You die...

##.# ##.# #..#
#.## #.##
##.### #.#.##
#.2..# ..##
##.#@##...##
#.###.#....##
#..##.#☼..°.#
##.#..#....°#
#..#.##.°..##
###
###...≈#.§....#
##.##
#...#≈#≈☼§☼☼☼#
##...#
#[..#≈≈≈#..°##
##..#..
#...##≈≈#..##
##...#..


You could see a reaper.

Vanquished Creatures
  Gastronok (Lair:2)
  Erolcha (D:9)
  2 hydras (Lair:3)
  3 two-headed ogres
  A death yak (Lair:3)
  Sonja (Lair:2)
  A centaur zombie (D:11)
  4 black mambas
  A torpor snail (Lair:3)
  4 merfolk sirens (Lair:2)
  An ice statue (IceCv)
  8 cane toads
  An entropy weaver simulacrum (IceCv)
  4 rime drakes
  An anaconda simulacrum (IceCv)
  6 komodo dragons
  2 trolls
  7 polar bears
  11 blink frogs
  7 dream sheep (Lair:3)
  7 slime creatures
  54 yaks
  A vampire (D:7)
  A wraith (D:10)
  2 wyverns
  3 basilisks
  2 steam dragons
  2 nagas (Lair:3)
  5 water moccasins
  2 orc warriors (D:10)
  2 black bears
  An ogre (D:5)
  2 necrophages
  5 centaurs
  14 wolves
  2 kobold brigands
  8 bullfrogs
  3 two-headed ogre simulacra (IceCv)
  2 water moccasin skeletons
  An elephant simulacrum (IceCv)
  7 wights
  4 howler monkeys
  A bullfrog zombie (D:5)
  3 hounds
  2 jellies
  A centaur skeleton (D:7)
  2 orc priests
  2 gnoll shamans
  4 orc wizards
  An iguana (D:5)
  4 spriggan simulacra (IceCv)
  A troll simulacrum (IceCv)
  A killer bee zombie (D:7)
  A wolf simulacrum (IceCv)
  6 adders
  12 gnolls
  2 howler monkey skeletons
  A naga simulacrum (IceCv)
  A shadow imp (D:4)
  5 white imps
  4 ufetubi
  An adder skeleton (D:4)
  4 worms
  3 dart slugs
  21 orcs
  9 ball pythons
  7 bats
  6 endoplasms
  3 giant cockroaches
  6 hobgoblins
  5 jackals
  9 kobolds
  2 quokkas (D:2)
  3 frilled lizards
  5 goblins
  4 rats
339 creatures vanquished.

Vanquished Creatures (others)
  A blink frog (Lair:6)
  29 fungi
  34 plants
  3 withered plants (Lair:6)
67 creatures vanquished.

Grand Total: 406 creatures vanquished

Notes
Turn   | Place    | Note
-------+----------+-------------------------------------------
     0 | D:1      | freelancePsychic the Demonspawn Earth Elementalist began
                  | the quest for the Orb.
     0 | D:1      | Reached XP level 1. HP: 13/13 MP: 3/3
   600 | D:1      | Reached skill level 1 in Conjurations
   824 | D:1      | Reached skill level 3 in Earth Magic
   824 | D:1      | Gained mutation: You may rarely emit foul miasma when
                  | damaged in melee. [demonic ancestry]
   824 | D:1      | Reached XP level 2. HP: 11/19 MP: 3/5
  1451 | D:1      | Found Haucizoe's Antique Armour Shop.
  1880 | D:1      | Gained mutation: You have a pair of small antennae on your
                  | head. [demonic ancestry]
  1880 | D:1      | Reached XP level 3. HP: 12/24 MP: 2/6
  2129 | D:2      | Learned a level 3 spell: Stone Arrow
  2290 | D:2      | Found an iron altar of Okawaru.
  2816 | D:2      | Found a faded altar of an unknown god.
  3047 | D:2      | Gained mutation: You sometimes emit foul miasma when
                  | damaged in melee. [demonic ancestry]
  3047 | D:2      | Reached XP level 4. HP: 10/30 MP: 3/7
  3366 | D:2      | Reached skill level 4 in Earth Magic
  4049 | D:3      | Reached XP level 5. HP: 35/35 MP: 5/8
  4636 | D:4      | Found a staircase to the Ecumenical Temple.
  4657 | Temple   | Entered the Ecumenical Temple
  5202 | Temple   | Became a worshipper of Vehumet
  5235 | D:4      | Reached XP level 6. HP: 41/41 MP: 5/9
  5304 | D:4      | Found a runed translucent gate.
  5304 | D:4      | Found a runed translucent gate.
  5373 | D:4      | Found a runed translucent gate.
  5455 | D:4      | Found a bloodstained altar of Trog.
  5723 | D:4      | Noticed timneilson's ghost (amateur GrFi)
  5723 | D:4      | Noticed noodleboyJ's ghost (amateur KoNe)
  5724 | D:4      | Noticed Maimakterion's ghost (novice FoFi)
  5734 | D:5      | Entered Level 5 of the Dungeon
  5747 | D:5      | Reached skill level 5 in Earth Magic
  6367 | D:5      | Reached skill level 5 in Conjurations
  6367 | D:5      | Reached XP level 7. HP: 46/46 MP: 3/10
  7153 | D:5      | Found a hide-covered altar of Uskayaw.
  7185 | D:5      | Found a shimmering altar of Xom.
  7188 | D:5      | Found a hazy altar of Hepliaklqana.
  7362 | D:5      | Reached skill level 6 in Earth Magic
  7510 | D:5      | Found a shimmering blue altar of Sif Muna.
  7748 | D:5      | Reached * piety under Vehumet
  7748 | D:5      | Offered knowledge of Freeze by Vehumet.
  7762 | D:5      | Gained mutation: You have a pair of antennae on your head.
                  | [demonic ancestry]
  7762 | D:5      | Reached XP level 8. HP: 25/52 MP: 3/11
  8245 | D:6      | Noticed a two-headed ogre
  8256 | D:6      | Killed a two-headed ogre
  8257 | D:6      | Reached skill level 7 in Earth Magic
  8359 | D:6      | Reached skill level 1 in Transmutations
  8619 | D:6      | You fall into a shaft and drop 2 floors!
  8632 | D:8      | Gained mutation: You are partially covered in sharp spines.
                  | [demonic ancestry]
  8632 | D:8      | Reached XP level 9. HP: 65/65 MP: 2/12
  8645 | D:7      | Found Kyeqem's Magic Scroll Emporium.
  9165 | D:7      | Found Obrel's Jewellery Boutique.
  9436 | D:7      | Found Borghe's Antique Weapon Emporium.
  9636 | D:7      | Reached skill level 8 in Earth Magic
  9895 | D:7      | Reached skill level 5 in Fighting
 10503 | D:8      | Found a staircase to the Lair.
 10676 | D:8      | Learned a level 4 spell: Petrify
 11785 | D:9      | Noticed a two-headed ogre
 11833 | D:8      | HP: 1/69 [two-headed ogre (10)]
 12221 | D:9      | Reached skill level 1 in Short Blades
 12221 | D:9      | Gained mutation: You are surrounded by a mild repulsion
                  | field. (EV +2) [demonic ancestry]
 12221 | D:9      | Reached XP level 10. HP: 32/76 MP: 6/16
 12515 | D:9      | Reached skill level 5 in Transmutations
 12768 | D:9      | Noticed Erolcha
 13148 | D:9      | Killed Erolcha
 13481 | D:9      | Noticed a two-headed ogre
 13700 | D:10     | Entered Level 10 of the Dungeon
 14023 | D:10     | Offered knowledge of Magic Dart by Vehumet.
 14214 | D:10     | Noticed a two-headed ogre
 14310 | D:10     | Killed a two-headed ogre
 14623 | D:10     | Reached ** piety under Vehumet
 15237 | D:11     | Reached XP level 11. HP: 86/86 MP: 13/17
 15262 | D:11     | Reached skill level 9 in Earth Magic
 15339 | D:11     | Noticed a boulder beetle
 16026 | Lair:1   | Entered Level 1 of the Lair of Beasts
 16995 | D:8      | Killed a two-headed ogre
 17383 | D:8      | Offered knowledge of Dazzling Flash by Vehumet.
 17854 | Lair:1   | Reached skill level 5 in Short Blades
 18242 | Lair:1   | Reached *** piety under Vehumet
 18243 | Lair:1   | Reached skill level 5 in Stealth
 18634 | Lair:1   | Found a runed translucent gate.
 18634 | Lair:1   | Found a runed translucent gate.
 18634 | Lair:1   | Found a runed translucent gate.
 18635 | Lair:1   | Noticed Quschuilu's ghost (journeyman MiWz)
 19057 | Lair:2   | Noticed Sonja
 19558 | Lair:2   | Killed Sonja
 19619 | Lair:2   | Reached XP level 12. HP: 77/95 MP: 12/18
 20058 | Lair:2   | Noticed Gastronok
 20074 | Lair:2   | Killed Gastronok
 20202 | Lair:2   | Noticed an eight-headed hydra
 20274 | Lair:2   | Reached skill level 5 in Spellcasting
 20518 | Lair:2   | Noticed a death yak
 20518 | Lair:2   | Noticed a death yak
 20518 | Lair:2   | Noticed a death yak
 20518 | Lair:2   | Noticed a death yak
 20899 | Lair:2   | Noticed a death yak
 21159 | Lair:2   | Found a staircase to the Shoals.
 21715 | Lair:3   | Offered knowledge of Olgreb's Toxic Radiance by Vehumet.
 21984 | Lair:3   | Noticed a death yak
 21985 | Lair:3   | Noticed a death yak
 21985 | Lair:3   | Noticed a death yak
 22131 | Lair:3   | Noticed a death yak
 22142 | Lair:3   | Learned a level 4 spell: Olgreb's Toxic Radiance
 22166 | Lair:3   | Reached skill level 1 in Poison Magic
 22568 | Lair:3   | Reached skill level 10 in Earth Magic
 23433 | Lair:3   | Noticed a five-headed hydra
 23505 | Lair:3   | Killed a five-headed hydra
 23666 | Lair:3   | Found a staircase to the Snake Pit.
 24699 | Lair:3   | Noticed a death yak
 24738 | Lair:3   | Reached XP level 13. HP: 99/103 MP: 11/21
 26627 | Lair:4   | Reached **** piety under Vehumet
 28019 | Lair:5   | Reached skill level 5 in Dodging
 28283 | Lair:5   | Offered knowledge of Iskenderun's Battlesphere by Vehumet.
 28622 | Lair:6   | Entered Level 6 of the Lair of Beasts
 28701 | Lair:6   | Found a staircase to the Slime Pits.
 28761 | Lair:6   | Found a frozen archway.
 28940 | IceCv    | Entered an ice cave
 29680 | IceCv    | Noticed a reaper
 29707 | IceCv    | Slain by a reaper

Illustrated notes

Levels and vault maps discovered:
D:1:      dpeg_arrival_court, layout_basic, serial_shops, shop,
          minmay_pentomino_o4
D:2:      layout_basic, basic_altar, shapermc_ecumenical_altar_pompeii,
          st_stairs_6, hangedman_decor_peaks_small
D:3:      layout_rooms, grunt_ministairs_6
D:4:      layout_cave_pools, trog_three_pillars_becter,
          minmay_temple_entry_stoned_glass, gammafunk_ghost_cemetery,
          nrook_mini_vaults
D:5:      minmay_diamond_boxcup, layout_cave_pods, minitemple, led_sif_book
D:6:      layout_rooms, grunt_decor_fettered, kennysheep_small_square
D:7:      layout_basic, serial_shops, nicolae_diamond_shop,
          nicolae_shop_crystal, shop_statue, minivault_19, minmay_statues_item
D:8:      layout_basic, lair_entry_dummy, moated_statue
D:9:      layout_rooms, gammafunk_temple_overflow_claw, uniq_erolcha
D:10:     layout_irregular_city
D:11:     layout_basic
Temple:   oiseaux_autumnal_temple
Lair:1:   layout_small_grid, gammafunk_ghost_necromancy, patterned_corridor,
          lemuel_fruit_tree
Lair:2:   layout_loops_ring, elwin_shoals_entry_stream, uniq_gastronok,
          uniq_sonja
Lair:3:   dragon1_lemuel, layout_hall_layers,
          minmay_snake_entry_guardpost_medium
Lair:4:   layout_concentric_octagons, serial_bayou_shore_b
Lair:5:   layout_small_grid
Lair:6:   due_jungle_book, layout_regular_city, minmay_slime_entry_eyes,
          portal_ice_cave_entry_animals_and_master,
          chequers_serial_rivers_large_a
IceCv:    ice_cave_caverns_03

Skill      XL: |  1  2  3  4  5  6  7  8  9 10 11 12 13 |
---------------+----------------------------------------+-----
Conjurations   | 1 2 3 4 5 6 7 |  7.3
Earth Magic    | 3 4 5 6 7 8 9 10 | 10.2
Fighting       | 3 6 8 9 |  9.9
Transmutations | 1 4 6 8 9 |  9.4
Spellcasting   | 4 5 6 |  6.7
Short Blades   | 1 2 5 |  5.7
Stealth        | 3 5 6 |  6.9
Poison Magic   | 4 |  4.0
Dodging        | 3 6 |  6.1

Action                   |  1- 3 |  4- 6 |  7- 9 | 10-12 | 13-15 || total
-------------------------+-------+-------+-------+-------+-------++-------
Melee: Unarmed           |    65 |     5 |       |       |       ||    70
       Staff             |    13 |    17 |    37 |       |       ||    67
       Dagger            |       |       |     8 |   335 |   163 ||   506
 Cast: Sandblast         |    64 |    65 |     6 |    17 |       ||   152
       Stone Arrow       |       |    20 |   104 |   103 |    43 ||   270
       Petrify           |       |       |     4 |   130 |    42 ||   176
       Olgreb's Toxic Ra |       |       |       |       |    16 ||    16
Evoke: Wand              |       |       |       |     4 |       ||     4
  Use: Scroll            |       |     6 |     1 |     8 |     6 ||    21
       Potion            |       |     1 |     1 |     4 |     2 ||     8
 Stab: Sleeping          |     1 |       |     1 |     3 |     3 ||     8
       Petrified         |       |       |     4 |   132 |    22 ||   158
       Petrifying        |       |       |       |    26 |    17 ||    43
Armor: Robe              |    22 |    13 |    44 |    55 |    55 ||   189
       Skin              |       |     6 |       |       |       ||     6
Dodge: Dodged            |    93 |    29 |    84 |   218 |   138 ||   562

Table legend: (Time is in decaauts)
 A = Elapsed time spent in this place.
 B = Non-inter-level travel time spent in this place.
 C = Inter-level travel time spent in this place.
 D = Time resting spent in this place.
 E = Time spent auto-exploring this place.
 F = Levels seen in this place.
 G = Mean time per level.
                   A        B        C        D        E       F      G
               +--------+--------+--------+--------+--------+-----+--------+
         Total |  29687 |  28707 |    980 |   7906 |  16697 |  19 | 1562.5 |
       Dungeon |  16860 |  16358 |    502 |   4259 |   9706 |  11 | 1532.7 |
        Temple |    578 |    551 |     27 |    273 |    245 |   1 |  578.0 |
          Lair |  11474 |  11023 |    451 |   3149 |   6320 |   6 | 1912.3 |
      Ice Cave |    773 |    773 |      0 |    225 |    425 |   1 |  773.0 |
               +--------+--------+--------+--------+--------+-----+--------+

Top non-repeatable levels by time:
  Lair:3: 3909 daAuts
     D:8: 2689 daAuts
  Lair:1: 2361 daAuts
  Lair:2: 2349 daAuts
     D:9: 2122 daAuts
     D:1: 2121 daAuts
    D:10: 1734 daAuts
     D:7: 1684 daAuts
     D:5: 1586 daAuts
  Lair:4: 1427 daAuts
     D:2: 1339 daAuts
     D:4: 1275 daAuts
     D:6: 1211 daAuts
  Lair:5: 1161 daAuts
     D:3: 854 daAuts
